 Dungeon Crawl Stone Soup version 0.19.1 (webtiles) character file.

74 Ice the Skirmisher (level 4, -3/63 HPs)
             Began as a Minotaur Berserker on Dec 14, 2016.
             Was a Believer of Trog.
             Slain by a hound (6 damage)
             ... on level 3 of the Dungeon.
             The game lasted 00:06:07 (1296 turns).

Ice the Skirmisher (Minotaur Berserker)             Turns: 1296, Time: 00:06:08

Health: -3/63      AC:  3    Str: 27    XL:     4   Next: 9%
Magic:  3/3        EV: 13    Int:  4    God:    Trog [**....]
Gold:   79         SH:  0    Dex: 10    Spells: 0 memorised, 3 levels left

rFire  . . .     SeeInvis .     a - +0 mace
rCold  . . .     Gourm    .     l - +0 leather armour
rNeg   . . .     Faith    .     (no shield)
rPois  .         Spirit   .     (helmet restricted)
rElec  .         Reflect  .     (no cloak)
rCorr  .         Harm     .     (no gloves)
MR     .....                    (no boots)
Stlth  ..........               (no amulet)
                                (no ring)
                                (no ring)

@: berserking, lethally poisoned (-3 -> -12), very quick
A: retaliatory headbutt, horns 2
a: Berserk, Trog's Hand, Burn Spellbooks, Renounce Religion


You were on level 3 of the Dungeon.
You worshipped Trog.
Trog was pleased with you.
You were very hungry.

You visited 1 branch of the dungeon, and saw 3 of its levels.

You collected 79 gold pieces.

Inventory:

Hand Weapons
 a - a +0 mace (weapon)
 n - a +0 hunting sling
Missiles
 d - 16 poisoned needles
 e - 126 stones (quivered)
 h - 34 arrows
Armour
 l - a +0 leather armour (worn)
Wands
 p - a wand of slowing (11/48)
Scrolls
 j - 2 scrolls of teleportation
 k - a scroll of random uselessness {unknown}
 m - a scroll of magic mapping
 o - a scroll of amnesia {unknown}
 r - a scroll of immolation {unknown}
 u - a scroll of recharging {unknown}
 v - a scroll of remove curse {unknown}
Potions
 b - a potion of agility {unknown}
 g - 3 potions of curing
 i - a potion of heal wounds
 s - 2 potions of degeneration {unknown}
 t - a potion of resistance {unknown}
Comestibles
 c - 3 bread rations
 f - 8 fruits
 q - 3 chunks of flesh


   Skills:
 - Level 5.0 Fighting
 - Level 3.6 Maces & Flails
 - Level 2.4 Armour
 + Level 3.7 Dodging


You had 3 spell levels left.
You didn't know any spells.

Dungeon Overview and Level Annotations

Branches:
Dungeon (3/15)

Altars:
Uskayaw
Yredelemnul
Zin


Innate Abilities, Weirdness & Mutations

You reflexively headbutt those who attack you in melee.
You have a pair of horns on your head.


Message History

* * * LOW HITPOINT WARNING * * *
You feel sick.
The hound pauses to sniff the ground.
The hound bites you.
* * * LOW HITPOINT WARNING * * *
The hound bites you.
* * * LOW HITPOINT WARNING * * *
The rat twitches its whiskers.
A red film seems to cover your vision as you go berserk!
You feel yourself moving faster!
You feel mighty!
You are feeling very hungry.
* * * LOW HITPOINT WARNING * * *
You feel sick. The hound barely misses you.
You sock the hound!
The hound is almost dead.
* * * LOW HITPOINT WARNING * * *
You feel sick. The hound bites you.
* * * LOW HITPOINT WARNING * * *
The hound bites you.
You die...

. .# . ..# # #.# # #.# #
#.# . # #.# #####..
#####.### .......
>.#.....##########.......
..#.#...........@hr......
....#...####.#####.......
.#.##...####.#####.......
........'.............%..
##..#...####.....###.#...
###.#...# ####..# ## #(
..#...# ..# ........# .#
...#....# .


You could see a hound and a rat.

Vanquished Creatures
  Ijyb (D:2)
  2 adders
  A dart slug (D:1)
  A giant cockroach (D:1)
  2 goblins
  4 hobgoblins
  4 jackals (D:1)
  7 kobolds
  4 bats
  A frilled lizard (D:1)
  2 rats
29 creatures vanquished.

Notes
Turn   | Place    | Note
-------+----------+-------------------------------------------
     0 | D:1      | Ice the Minotaur Berserker began the quest for the Orb.
     0 | D:1      | Reached XP level 1. HP: 19/19 MP: 0/0
    20 | D:1      | Reached skill level 4 in Fighting
   112 | D:1      | Reached XP level 2. HP: 27/27 MP: 1/1
   423 | D:1      | Reached skill level 5 in Fighting
   603 | D:1      | Reached ** piety under Trog
   762 | D:2      | Noticed Ijyb
   770 | D:2      | Killed Ijyb
   770 | D:2      | Reached XP level 3. HP: 14/36 MP: 2/2
  1102 | D:2      | Found a hide-covered altar of Uskayaw.
  1105 | D:2      | Found a basalt altar of Yredelemnul.
  1108 | D:2      | Found a glowing silver altar of Zin.
  1292 | D:3      | Reached XP level 4. HP: 25/42 MP: 3/3
  1296 | D:3      | HP: 3/63 [hound (5)]
  1296 | D:3      | Slain by a hound

Skill      XL: |  1  2 |
---------------+-------+-----
Fighting       | 4 5 |  5.0
Dodging        | 3 |  3.7
Maces & Flails | |  3.6
Armour         | |  2.4

Action                   |  1- 3 |  4- 6 || total
-------------------------+-------+-------++-------
Melee: Mace              |    65 |     3 ||    68
       Headbutt          |     6 |       ||     6
 Fire: Hunting sling     |     7 |       ||     7
Throw: Stone             |    44 |       ||    44
Invok: Berserk           |       |     1 ||     1
  Use: Scroll            |     5 |       ||     5
  Eat: Chunk             |     1 |       ||     1
Armor: Animal skin       |    12 |       ||    12
       Leather armour    |     4 |       ||     4
Dodge: Dodged            |    60 |     1 ||    61
